Map: Frozen Temple

Players

NHUTheGAzou - Winner!

  • Race: Zerg Zerg
  • League: Master

Andersone

  • Race: Protoss Protoss
  • League: Master

VOD

Have the link to the VOD?

Description

Time

  • Played on: May 4, 2016, 2:49 p.m.
  • Length: 11:57
Show
View Real Time Build Order
Export as new Build Order

NHUTheGAzou Zerg - Winner!

Build Orders: Hatch First 

Get SALT Encoding   

  12  0:01  Drone  
  13  0:13  Overlord  
  13  0:17  Drone  
  14  0:31  Drone x2  
  14  0:35  Drone  
  17  0:52  Hatchery  
  17  0:55  Drone  
  17  0:58  Drone  
  18  1:10  Extractor  
  17  1:13  Spawning Pool  
  17  1:16  Drone  
  17  1:20  Drone  
  18  1:33  Drone  
  19  1:41  Drone  
  20  1:47  Hatchery  
  20  1:51  Drone  
  20  2:02  Zergling x2  
  20  2:04  Queen  
  20  2:07  Drone  
  24  2:12  Drone  
  25  2:17  Overlord  
  25  2:22  Metabolic Boost  
  25  2:26  Drone  
  25  2:28  Drone  
  27  2:35  Drone  
  28  2:40  Queen  
  30  2:46  Overlord  
  30  2:47  Drone  
  31  2:54  Drone  
  31  2:56  Drone  
  33  2:59  Pneumatized Carapace  
  33  3:05  Queen  
  35  3:10  Drone x2  
  37  3:16  Drone x3  
  40  3:27  Drone x2  
  40  3:28  Drone x3  
  40  3:29  Drone  
  46  3:38  Overlord  
  46  3:40  Drone x3  
  49  3:55  Baneling Nest  
  49  3:58  Evolution Chamber  
  49  3:59  Overlord  
  49  4:00  Overlord, Drone  
  49  4:01  Drone x2  
  50  4:13  Extractor  
  50  4:14  Overlord x2  
  50  4:16  Drone  
  50  4:21  Zergling x12  
  50  4:23  Zergling x2  
  57  4:29  Zerg Melee Weapons Level 1  
  57  4:34  Drone x3  
  57  4:37  Spore Crawler  
  59  4:39  Drone x6  
  59  4:42  Zergling x2  
  59  4:43  Zergling x4  
  67  4:52  Baneling x2  
  64  4:56  Zergling x8  
  68  5:06  Baneling  
  68  5:07  Baneling  
  67  5:10  Baneling x4  
  65  5:17  Overlord  
  65  5:18  Lair  
  65  5:19  Drone x6  
  65  5:20  Drone x4  
  75  5:26  Overlord x2  
  75  5:35  Hatchery  
  71  5:51  Zergling x2  
  71  5:52  Zergling x20  
  79  6:02  Drone x3  
  80  6:04  Extractor x2  
  78  6:18  Drone x2  
  78  6:19  Drone  
  78  6:24  Zerg Melee Weapons Level 2  
  81  6:26  Centrifical Hooks  
  81  6:28  Drone x2  
  81  6:29  Evolution Chamber  
  81  6:30  Drone x2  
  81  6:31  Drone  
  81  6:32  Overlord x3  
  85  6:33  Zergling x2, Extractor  
  85  6:50  Drone x4  
  89  6:55  Drone x2  
  89  6:56  Infestation Pit, Zerg Ground Armor Level 1  
  89  6:57  Extractor  
  89  6:59  Queen  
  89  7:00  Overlord, Queen  
  93  7:01  Zergling x2  
  93  7:02  Zergling x16  
  93  7:08  Baneling x4  
  102  7:22  Zergling x2  
  100  7:23  Zergling x22  
  102  7:41  Hive  
  101  7:45  Drone x9  
  101  7:46  Overlord x2  
  101  7:49  Overlord  
  110  7:53  Spire  
  109  8:09  Overlord x2  
  109  8:10  Zergling x8  
  109  8:11  Zergling x16  
  117  8:27  Overlord  
  117  8:28  Overlord x2  
  117  8:29  Spore Crawler, Spine Crawler, Extractor  
  117  8:30  Extractor  
  113  8:38  Zergling x20  
  123  8:44  Hatchery  
  123  8:46  Drone x4  
  125  9:00  Baneling  
  125  9:01  Baneling x18  
  125  9:07  Overlord x2  
  125  9:08  Greater Spire  
  125  9:10  Zerg Melee Weapons Level 3, Zerg Ground Armor Level 2  
  125  9:12  Adrenal Glands  
  125  9:22  Zergling x22, Hatchery  
  125  9:23  Zergling x6  
  125  9:24  Baneling x15, Extractor  
  137  9:25  Baneling x7, Extractor  
  136  9:37  Overlord  
  136  9:38  Corruptor x4  
  132  9:58  Zergling x22  
  126  10:05  Corruptor x3  
  132  10:20  Corruptor  
  132  10:21  Corruptor  
  129  10:25  Brood Lord  
  129  10:26  Brood Lord  
  129  10:28  Brood Lord, Queen x2  
  139  10:29  Brood Lord, Queen  
  139  10:31  Drone  
  146  10:43  Drone x9  
  146  10:45  Zergling x2  
  146  10:47  Zergling x2  
  159  10:50  Brood Lord  
  159  11:03  Brood Lord x2  
  153  11:22  Brood Lord  
  153  11:23  Brood Lord  
  152  11:30  Overlord x2  
  152  11:31  Zergling x12  
  152  11:32  Zergling x36  
  170  11:47  Ultralisk Cavern  
Show
View Real Time Build Order
Export as new Build Order

Andersone Protoss 

Build Orders: 1 Gate Expand 

Get SALT Encoding   

  12  0:01  Probe (Chrono Boost)  
  13  0:11  Probe (Chrono Boost)  
  14  0:18  Pylon  
  14  0:22  Probe (Chrono Boost)  
  15  0:36  Probe (Chrono Boost)  
  15  0:38  Gateway  
  16  0:46  Probe (Chrono Boost)  
  16  0:49  Assimilator  
  18  0:57  Probe (Chrono Boost)  
  18  1:07  Probe (Chrono Boost)  
  19  1:18  Probe (Chrono Boost)  
  20  1:26  Nexus  
  20  1:30  Probe (Chrono Boost)  
  21  1:43  Probe (Chrono Boost)  
  21  1:44  Cybernetics Core  
  22  1:49  Pylon  
  22  1:54  Probe (Chrono Boost)  
  23  2:02  Assimilator  
  23  2:07  Probe (Chrono Boost)  
  24  2:21  Adept (Chrono Boost)  
  26  2:23  Warp Gate (Chrono Boost)  
  27  2:31  Mothership Core  
  27  2:36  Gateway  
  28  2:37  Gateway  
  28  2:48  Probe  
  29  2:59  Probe, Stalker  
  29  3:00  Probe  
  33  3:11  Probe  
  34  3:13  Probe  
  34  3:15  Pylon  
  35  3:23  Probe  
  35  3:25  Probe  
  37  3:35  Probe  
  37  3:37  Probe  
  39  3:47  Probe  
  40  3:49  Probe  
  41  3:59  Probe  
  41  4:01  Probe  
  43  4:06  Pylon  
  43  4:11  Probe  
  43  4:14  Adept x3  
  50  4:22  Probe  
  50  4:24  Probe  
  52  4:26  Twilight Council  
  52  4:29  Forge  
  52  4:38  Gateway  
  52  4:40  Gateway  
  52  4:42  Gateway  
  52  4:55  Probe x2  
  52  4:57  Sentry x3  
  52  4:59  Protoss Ground Weapons Level 1  
  60  5:00  Assimilator  
  60  5:02  Assimilator  
  55  5:07  Probe x2  
  55  5:12  Resonating Glaives (Chrono Boost)  
  56  5:20  Nexus  
  54  5:22  Pylon  
  54  5:25  Pylon  
  54  5:30  Adept x3  
  60  5:35  Pylon  
  60  5:47  Stalker x3  
  65  6:03  Probe x2  
  67  6:07  Stalker  
  69  6:20  Probe x2  
  69  6:25  Robotics Facility  
  71  6:31  Stalker  
  71  6:32  Stalker  
  75  6:37  Probe  
  75  6:38  Probe  
  75  6:39  Probe  
  78  6:41  Sentry x2  
  82  6:51  Stalker  
  82  6:52  Stalker  
  86  7:01  Probe  
  86  7:02  Probe  
  86  7:06  Assimilator  
  86  7:08  Assimilator  
  88  7:10  Blink (Chrono Boost)  
  88  7:11  Adept x2  
  92  7:29  Stalker x2  
  96  7:30  Stalker  
  96  7:31  Protoss Ground Weapons Level 2  
  98  7:57  Stalker  
  95  8:21  Pylon  
  95  8:22  Pylon  
  95  8:26  Nexus  
  95  8:27  Pylon  
  95  8:45  Pylon  
  95  8:47  Pylon  
  95  8:48  Pylon  
  95  8:50  Pylon  
  95  8:58  Phoenix  
  95  9:02  Warp Prism  
  97  9:12  Adept x4  
  97  9:16  Sentry  
  97  9:17  Sentry  
  109  9:34  Adept x4  
  117  9:39  Observer  
  117  9:42  Adept  
  117  9:43  Adept  
  78  10:04  Stalker x6  
  88  10:10  Probe x2  
  90  10:27  Sentry x4  
  98  10:49  Stalker x2  
  102  10:50  Stalker x3  
  108  11:04  Stalker  
  100  11:19  Stalker  
  100  11:20  Stalker x4  
  78  11:45  Adept x6  
Tags
 
Add a new tag
Caveats
  • Supply blocks, unpowered buildings, or Contaminate may cause inaccurate times.
  • Supply counts are checked every 10 seconds.